 Dungeon Crawl Stone Soup version 0.13-a0-2557-g7ea0453 (webtiles) character file.

97074 Kae the Eclecticist (level 16, -2/94 HPs)
             Began as a Tengu Fire Elementalist on July 29, 2013.
             Was the Champion of Vehumet.
             Slain by a titan (43 damage)
             ... on Level 14 of the Dungeon.
             The game lasted 02:41:02 (47864 turns).

Kae the Eclecticist (Tengu Fire Elementalist)      Turns: 47864, Time: 02:41:02

HP  -2/94        AC  8     Str 10      XL: 16   Next: 12%
MP  46/59        EV 28     Int 21      God: Vehumet [******]
Gold 2347        SH  0     Dex 15      Spells: 13 memorised,  3 levels left

Res.Fire  : . . .   See Invis. : .   f - staff of power
Res.Cold  : + . .   Warding    : .   t - +0 steam dragon armour
Life Prot.: . . .   Conserve   : +   (no shield)
Res.Poison: .       Res.Corr.  : .   (helmet restricted)
Res.Elec. : .       Clarity    : .   L - +0 cloak
Sust.Abil.: . .     Spirit.Shd : .   q - +1 pair of gauntlets
Res.Mut.  : .       Stasis     : .   (boots unavailable)
Res.Rott. : .       Flight     : +   v - amulet of Sloth {Cons rC+}
Saprovore : . . .                    n - +4 ring of evasion
                                     z - ring of magical power

@: flying, mildly poisoned, delayed fireball, quick, somewhat resistant to
hostile enchantments, fairly stealthy
A: able to fly continuously, beak, talons 3
a: Stop Flying, Renounce Religion, Release Delayed Fireball


You were on level 14 of the Dungeon.
You worshipped Vehumet.
Vehumet was exalted by your worship.
You were very hungry.

You visited 4 branches of the dungeon, and saw 27 of its levels.
You also visited: Labyrinth.

You collected 2411 gold pieces.
You spent 84 gold pieces at shops.

Inventory:

Armour
 q - a +1 pair of gauntlets (worn)
 t - a +0 steam dragon armour (worn)
 L - a +0 cloak (worn)
Magical devices
 g - a wand of draining (5)
 h - a wand of fireball (3)
 s - a wand of heal wounds (4)
 C - a wand of disintegration (0)
Comestibles
 x - 5 meat rations
Scrolls
 b - 3 scrolls of fog
 k - 2 scrolls of identify
 r - 3 scrolls of amnesia
 B - a scroll of recharging
 M - 5 scrolls of remove curse
 T - 3 scrolls of teleportation
 V - 2 scrolls of magic mapping
Jewellery
 d - an uncursed ring of sustain abilities
 i - an uncursed ring of sustenance
 n - a +4 ring of evasion (right hand)
 o - an uncursed amulet of stasis
 v - the amulet of Sloth (around neck) {Cons rC+}
   (You found it on level 12 of the Dungeon)

   [amulet of conservation]

   It protects you from cold.
 z - a ring of magical power (left hand)
Potions
 j - a potion of heal wounds
 l - 6 potions of restore abilities
 m - a potion of resistance
 p - 6 potions of curing
 A - a potion of invisibility
 H - a potion of magic
 Q - 2 potions of agility
 S - 6 potions of brilliance
Magical staves
 f - an uncursed staff of power (weapon)
 U - an uncursed staff of conjuration


   Skills:
 - Level 11.2 Fighting
 - Level 9.1 Staves
 - Level 11.6 Dodging
 - Level 2.0 Stealth
 - Level 15.0 Spellcasting
 - Level 11.6 Conjurations
 * Level 4.0 Charms
 - Level 12.1 Fire Magic
 + Level 4.5 Air Magic


You had 3 spell levels left.
You knew the following spells:

 Your Spells              Type           Power        Failure   Level  Hunger
a - Flame Tongue          Conj/Fire      #####        1%          1    None
b - Throw Flame           Conj/Fire      ######       1%          2    None
c - Conjure Flame         Conj/Fire      ######..     1%          3    None
d - Sticky Flame          Conj/Fire      ######..     1%          4    None
e - Freeze                Ice            ###.         1%          1    None
f - Sting                 Conj/Pois      ####         1%          1    None
g - Fireball              Conj/Fire      ######....   1%          5    ##.....
h - Bolt of Fire          Conj/Fire      ######....   1%          6    #####..
i - Delayed Fireball      Conj/Fire      N/A          8%          7    ######.
j - Blink                 Tloc           N/A          8%          2    None
k - Iron Shot             Conj/Erth      #####.....   21%         6    #####..
l - Orb of Destruction    Conj           ######....   10%         7    ######.
m - Repel Missiles        Chrm/Air       ####......   1%          2    None


Dungeon Overview and Level Annotations

Branches:
Dungeon (14/27)            Temple (1/1) D:4             Orc (4/4) D:10
    Elf (0/3) Orc:4          Lair (8/8) D:11         Shoals (0/5) Lair:3
 Spider (0/5) Lair:6        Slime (0/6) Lair:7

Altars:
Ashenzari
Cheibriados
Elyvilon
Fedhas
Kikubaaqudgha
Makhleb
Nemelex Xobeh
Okawaru
Sif Muna
Trog
Vehumet
Xom
Yredelemnul
Zin
the Shining One

Shops:
Orc:4: /(++!!+*%

Annotations
D:7 lorenz's ghost, experienced MfFi
D:14 exclusion: titan
Lair:8 1 exclusion


Innate Abilities, Weirdness & Mutations

You can fly continuously.
You have a beak for a mouth.
You have claws for feet.


Message History

Use which ability? (? or * to list) You're too hungry.
Things that are here:
an uncursed staff of poison; an uncursed longbow; 6 arrows; an animal skin You feel sick.
You feel a little better.
You see here 2 arrows.
Use which ability? (? or * to list) You're too hungry.
Eat which item? (? for menu, Esc to quit)
You are feeling very hungry.
You continue eating.
You feel sick. The titan hits you!
You finish eating.
That banana was delicious!
Unknown command.
Unknown command.
Use which ability? (? or * to list)
You swoop lightly up into the air.
You feel very comfortable in the air.
You feel somewhat more hungry. The titan hits you!
You die...

### ############## ###########.#
#............# ######......'..C..
#............# #.(..#......#.....
#............# #.##.#......#.....
#....<.......###|##.((.....#.....
#............'..@C..#......#.....
#!...........###.####......#.....
#............# #.# #......##'###
#............# #.# #......##.# #
########'##### #.# ####'####.# #
#.# #.# #...# #.# # #.# #.# #...#
##### #.# #.# #..## ####.. #.#
#.# #..# ##..C


You could see a titan.

Vanquished Creatures
  2 orc warlords
  A vampire knight (D:13)
  A minotaur (Lab)
  5 hydras
  Harold (Lair:2)
  Josephine (Orc:3)
  Erica (D:13)
  8 death yaks
  A deep troll shaman (Lair:8)
  5 orc high priests (Orc:4)
  3 centaur warriors
  2 catoblepae
  A soul eater (D:14)
  A vampire mage (D:13)
  A deep elf knight (D:14)
  2 unseen horrors
  A lindwurm (Lair:8)
  Erolcha (D:9)
  A sea snake (shapeshifter) (D:14)
  An ice statue (Lair:3)
  5 hill giants
  10 orc knights
  A wolf spider (D:14)
  3 griffons
  3 cyclopes
  2 orc sorcerers
  A black mamba (Lair:7)
  An item mimic (Lair:7)
  5 elephants (Lair:8)
  2 orange demons (Orc:4)
  4 spiny frogs
  A smoke demon (Orc:4)
  Psyche (D:9)
  3 feature mimics
  A mermaid (Lair:3)
  7 komodo dragons
  8 trolls
  Prince Ribbit (D:6)
  A boulder beetle (Lair:7)
  3 shadows
  24 blink frogs
  3 wyverns
  57 yaks
  8 vampires
  18 flying skulls (D:13)
  2 basilisks
  2 water elementals (D:13)
  3 trapdoor spiders
  6 ugly things
  A steam dragon (Lair:7)
  3 sharks
  A wraith (D:14)
  A chaos spawn (Orc:4)
  Grum (Orc:1)
  A hungry ghost (D:12)
  2 hill giant zombies
  A hill giant skeleton (D:14)
  3 mottled dragons
  A soldier ant (D:12)
  Edmund (D:5)
  2 manticores
  8 hippogriffs
  8 porcupines
  4 swamp worms (Lair:1)
  19 wolves
  2 necrophages
  49 orc warriors
  2 ice beasts
  4 nagas (Lair:4)
  12 giant goldfish
  A phantom (D:14)
  4 boring beetles
  5 black bears
  3 yellow wasps
  17 ogres
  6 sky beasts
  9 crocodiles
  8 centaurs
  Sigmund (D:7)
  2 dwarves (Orc:2)
  Duvessa (D:9)
  2 brain worms
  27 giant frogs
  5 giant slugs
  2 rotting devils (Orc:4)
  8 wargs
  14 big kobolds
  14 water moccasins
  A gnoll sergeant (D:6)
  8 agate snails
  A cyclops zombie (D:11)
  A cyclops skeleton (D:12)
  A hippogriff zombie (D:13)
  5 jellyfish
  A yak zombie (D:12)
  3 troll zombies
  3 wights (D:11)
  34 killer bees
  14 electric eels
  2 goliath beetles
  A yak skeleton (D:12)
  Dowan (D:9)
  8 crimson imps
  9 big fish
  A basilisk zombie (D:14)
  34 orc wizards
  A soldier ant zombie (D:13)
  2 gnoll shamans
  8 spiders (Lair:6)
  A giant frog skeleton (D:11)
  10 hounds
  46 orc priests
  9 iguanas
  4 scorpions
  13 worker ants
  2 killer bee zombies
  3 sheep (D:13)
  A big kobold zombie (D:10)
  A hound zombie (D:7)
  3 sky beast zombies
  9 jellies
  A mummy (D:9)
  18 gnolls
  47 green rats
  10 human zombies (D:13)
  5 giant centipedes
  21 adders
  2 giant mites
  14 worms
  3 adder skeletons
  4 giant eyeballs
  6 giant geckos
  An ooze (D:3)
  221 orcs
  2 ball pythons (D:3)
  31 bats
  A bat skeleton (D:5)
  4 giant cockroaches
  28 goblins
  27 hobgoblins
  10 quokkas
  5 giant newts
  A hobgoblin simulacrum (Orc:3)
  3 hobgoblin zombies
  33 jackals
  40 kobolds
  A kobold skeleton (D:4)
  A kobold zombie (D:7)
  3 orc skeletons (Orc:3)
  23 rats
  A butterfly (D:4)
  5 fungi
  2 plants (Lair:6)
1296 creatures vanquished.

Vanquished Creatures (others)
  A jellyfish (D:12)
  A killer bee (D:12)
  11 fungi
  5 plants
18 creatures vanquished.

Grand Total: 1314 creatures vanquished

Notes
Turn   | Place    | Note
--------------------------------------------------------------
     0 | D:1      | Kae, the Tengu Fire Elementalist, began the quest for the Orb.
     0 | D:1      | Reached XP level 1. HP: 10/10 MP: 3/3
    33 | D:1      | Found a shattered altar of Ashenzari.
   167 | D:1      | Reached XP level 2. HP: 9/15 MP: 0/5
   219 | D:1      | Learned a level 2 spell: Throw Flame
   965 | D:1      | Reached XP level 3. HP: 13/19 MP: 7/7
  1880 | D:2      | Reached XP level 4. HP: 17/24 MP: 5/8
  1919 | D:2      | Learned a level 3 spell: Conjure Flame
  1970 | D:2      | Found a glowing silver altar of Zin.
  1971 | D:2      | Found a sparkling altar of Nemelex Xobeh.
  2087 | D:2      | Reached skill level 4 in Conjurations
  2720 | D:3      | Reached XP level 5. HP: 22/28 MP: 7/11
  3432 | D:4      | Noticed a sky beast
  3732 | D:4      | Reached skill level 5 in Conjurations
  3869 | D:4      | Killed a sky beast
  3869 | D:4      | Reached XP level 6. HP: 19/32 MP: 3/14
  4219 | D:4      | Reached skill level 6 in Conjurations
  4511 | D:4      | Found a staircase to the Ecumenical Temple.
  4540 | Temple   | Entered the Ecumenical Temple
  4544 | Temple   | Became a worshipper of Vehumet
  4928 | D:5      | Entered Level 5 of the Dungeon
  5532 | D:5      | Reached skill level 5 in Fire Magic
  5765 | D:5      | Reached XP level 7. HP: 34/36 MP: 14/16
  5788 | D:5      | Learned a level 4 spell: Sticky Flame
  5961 | D:5      | Acquired Vehumet's first power
  5961 | D:5      | Offered knowledge of Freeze by Vehumet.
  5962 | D:5      | Found a deep blue altar of Sif Muna.
  6081 | D:5      | Learned a level 1 spell: Freeze
  6090 | D:5      | Reached skill level 7 in Conjurations
  6154 | D:5      | Noticed Edmund
  6173 | D:5      | Killed Edmund
  7330 | D:6      | Reached XP level 8. HP: 41/41 MP: 13/19
  8591 | D:6      | Found a white marble altar of Elyvilon.
  8651 | D:6      | Noticed Prince Ribbit
  8657 | D:6      | Killed Prince Ribbit
  8657 | D:6      | Reached skill level 8 in Conjurations
  9116 | D:7      | Offered knowledge of Sting by Vehumet.
  9119 | D:7      | Learned a level 1 spell: Sting
  9221 | D:7      | Reached XP level 9. HP: 45/45 MP: 19/22
  9228 | D:7      | Reached skill level 5 in Spellcasting
  9350 | D:7      | Reached skill level 9 in Conjurations
  9893 | D:7      | Noticed lorenz's ghost (experienced MfFi)
 10220 | D:7      | Paralysed by a giant eyeball for 3 turns
 10510 | D:7      | Offered knowledge of Static Discharge by Vehumet.
 11092 | D:7      | Reached skill level 10 in Fire Magic
 11145 | D:7      | Acquired Vehumet's second power
 11323 | D:7      | Noticed Sigmund
 11331 | D:7      | Learned a level 5 spell: Fireball
 11335 | D:7      | Killed Sigmund
 11335 | D:7      | Reached skill level 10 in Conjurations
 11660 | D:8      | Reached XP level 10. HP: 37/50 MP: 15/24
 11849 | D:8      | Offered knowledge of Iskenderun's Mystic Blast by Vehumet.
 12180 | D:8      | Reached skill level 11 in Fire Magic
 12401 | D:8      | Acquired Vehumet's third power
 12659 | D:8      | Offered knowledge of Lee's Rapid Deconstruction by Vehumet.
 12735 | D:9      | Noticed Psyche
 12739 | D:9      | Killed Psyche
 12969 | D:9      | Noticed Dowan
 12987 | D:9      | Killed Dowan
 13051 | D:9      | Noticed Duvessa
 13056 | D:9      | Killed Duvessa
 13683 | D:9      | Reached skill level 12 in Fire Magic
 13997 | D:9      | Offered knowledge of Bolt of Fire by Vehumet.
 14000 | D:9      | Reached XP level 11. HP: 50/54 MP: 24/27
 14027 | D:9      | Reached skill level 1 in Fighting
 14195 | D:9      | Learned a level 6 spell: Bolt of Fire
 14349 | D:9      | Noticed Erolcha
 14355 | D:9      | Killed Erolcha
 14678 | D:10     | Entered Level 10 of the Dungeon
 14966 | D:10     | Found a staircase to the Orcish Mines.
 15225 | D:10     | Noticed a hill giant
 15794 | D:10     | Killed a hill giant
 16620 | D:11     | Noticed a hill giant
 16622 | D:11     | Killed a hill giant
 17201 | D:11     | Found a staircase to the Lair.
 18218 | D:11     | Reached skill level 5 in Dodging
 18334 | D:11     | Noticed an unseen horror
 18336 | D:11     | Killed an unseen horror
 18755 | Lair:1   | Entered Level 1 of the Lair of Beasts
 19541 | Lair:1   | Offered knowledge of Delayed Fireball by Vehumet.
 19626 | Lair:1   | Learned a level 7 spell: Delayed Fireball
 20176 | Lair:1   | Reached skill level 5 in Fighting
 20243 | Lair:1   | Reached XP level 12. HP: 53/64 MP: 17/30
 20481 | Lair:1   | Noticed an eight-headed hydra
 20501 | Lair:1   | Killed an eight-headed hydra
 20833 | Lair:1   | Reached skill level 10 in Spellcasting
 21385 | D:12     | Paralysed by a giant eyeball for 2 turns
 21929 | D:12     | Reached skill level 1 in Staves
 22277 | D:12     | Got a faintly glowing brass amulet
 23267 | Lair:2   | Identified the amulet of Sloth {Cons rC+} (You found it on level 12 of the Dungeon)
 24030 | Lair:2   | Offered knowledge of Poisonous Cloud by Vehumet.
 24516 | Lair:2   | Noticed Harold
 24520 | Lair:2   | Killed Harold
 24813 | Lair:2   | Paralysed by you for 2 turns
 24915 | Lair:3   | Noticed a four-headed hydra
 24928 | Lair:3   | Killed a four-headed hydra
 24970 | Lair:3   | Found a labyrinth entrance.
 24994 | Lab      | Entered a labyrinth
 26312 | Lab      | Noticed a minotaur
 26328 | Lab      | Killed a minotaur
 26328 | Lab      | Reached XP level 13. HP: 32/72 MP: 32/32
 26376 | Lab      | Got a scintillating diamond amulet
 26376 | Lab      | Got a shimmering golden ring
 26511 | Lair:3   | Identified a +0 rod of destruction (11/11) (You found it in a labyrinth)
 26512 | Lair:3   | Identified a +8 rod of fiery destruction (14/14) (You found it in a labyrinth)
 26592 | Lair:3   | Found a radiant altar of Vehumet.
 27245 | Lair:3   | Found a staircase to the Shoals.
 28011 | Lair:4   | Found a staircase to the Snake Pit.
 28079 | Lair:4   | the staircase to the Snake Pit was a mimic.
 28160 | Lair:4   | Reached skill level 5 in Staves
 28217 | Lair:4   | Offered knowledge of Iron Shot by Vehumet.
 28321 | Lair:4   | Learned a level 2 spell: Blink
 28328 | Lair:4   | Learned a level 6 spell: Iron Shot
 30464 | Lair:6   | Found a staircase to the Shoals.
 30470 | Lair:6   | the staircase to the Shoals was a mimic.
 30608 | Lair:6   | Found a hole to the Spider Nest.
 31804 | Lair:7   | Found a staircase to the Slime Pits.
 32409 | Lair:8   | Entered Level 8 of the Lair of Beasts
 32830 | Lair:8   | Reached XP level 14. HP: 80/80 MP: 34/34
 33587 | Lair:8   | Reached skill level 13 in Spellcasting
 35356 | D:13     | Offered knowledge of Poison Arrow by Vehumet.
 36214 | D:13     | Reached skill level 10 in Dodging
 36843 | D:13     | Noticed Erica
 37208 | D:13     | Reached skill level 10 in Fighting
 37676 | D:13     | Killed Erica
 37676 | D:13     | Reached XP level 15. HP: 86/86 MP: 36/36
 37736 | D:13     | Found a basalt altar of Yredelemnul.
 37760 | D:13     | Reached skill level 14 in Spellcasting
 38161 | D:13     | Offered knowledge of Orb of Destruction by Vehumet.
 38260 | D:13     | Learned a level 7 spell: Orb of Destruction
 39041 | Orc:1    | Entered Level 1 of the Orcish Mines
 39045 | Orc:1    | Noticed Grum
 39052 | Orc:1    | Killed Grum
 39395 | Orc:1    | Found a bloodstained altar of Trog.
 40271 | Orc:2    | Found an iron altar of Okawaru.
 40675 | Orc:3    | Found a shimmering altar of Xom.
 41032 | Orc:3    | Offered knowledge of Bolt of Draining by Vehumet.
 41392 | Orc:3    | Noticed Josephine
 41398 | Orc:3    | Killed Josephine
 41703 | Orc:4    | Entered Level 4 of the Orcish Mines
 41709 | Orc:4    | Found Treexe's Distillery.
 41863 | Orc:4    | Found Skeuwet's Distillery.
 41891 | Orc:4    | Bought a potion of heal wounds for 36 gold pieces
 42066 | Orc:4    | Found a staircase to the Elven Halls.
 42090 | Orc:4    | Bought a potion of strong poison for 24 gold pieces
 42090 | Orc:4    | Bought a potion of degeneration for 24 gold pieces
 42155 | Orc:4    | Offered knowledge of Lehudib's Crystal Spear by Vehumet.
 42155 | Orc:4    | Offered knowledge of Fire Storm by Vehumet.
 42155 | Orc:4    | Offered knowledge of Chain Lightning by Vehumet.
 42254 | Orc:4    | Found Sulom's General Store.
 42320 | Orc:4    | Found Xyil's Book Boutique.
 42474 | Orc:4    | Found Ufisixa's Food Shop.
 44662 | Orc:4    | Found Bisix's Antique Weapon Boutique.
 44662 | Orc:4    | Found Mufen's Magical Wand Boutique.
 44665 | Orc:4    | Found Xeiffanale's Book Shop.
 44666 | Orc:4    | Found Xatwea's Book Boutique.
 44884 | Orc:4    | Reached skill level 15 in Spellcasting
 45382 | Lair:2   | Learned a level 2 spell: Repel Missiles
 45439 | D:14     | Entered Level 14 of the Dungeon
 45470 | D:14     | Identified Erolcha's Guide on Combat Magic and Beguiling
 45579 | D:14     | Reached skill level 1 in Air Magic
 45686 | D:14     | Reached skill level 1 in Charms
 45757 | D:14     | Paralysed by an orc sorcerer for 2 turns
 46654 | D:14     | Reached XP level 16. HP: 86/94 MP: 37/37
 46799 | D:14     | Found a blossoming altar of Fedhas.
 47111 | D:14     | Noticed a titan
 47400 | D:14     | Noticed a titan
 47864 | D:14     | Slain by a titan

Action                   |  1- 3 |  4- 6 |  7- 9 | 10-12 | 13-15 | 16-18 || total
-------------------------+-------+-------+-------+-------+-------+-------++-------
Melee: Dagger            |    44 |    29 |       |       |       |       ||    73
       Flail             |       |       |    20 |    68 |       |       ||    88
       Staff             |       |       |       |    18 |   248 |    14 ||   280
 Cast: Flame Tongue      |    60 |   165 |   316 |   808 |  1062 |    68 ||  2479
       Throw Flame       |     1 |     6 |    51 |    65 |   459 |    20 ||   602
       Conjure Flame     |       |     1 |    10 |    37 |    21 |     4 ||    73
       Sticky Flame      |       |       |    10 |    34 |   138 |     5 ||   187
       Freeze            |       |       |     9 |    56 |    24 |       ||    89
       Sting             |       |       |     5 |     4 |     1 |       ||    10
       Fireball          |       |       |     3 |    43 |    83 |     6 ||   135
       Bolt of Fire      |       |       |       |    22 |   137 |    11 ||   170
       Iron Shot         |       |       |       |       |     2 |       ||     2
       Delayed Fireball  |       |       |       |       |     3 |       ||     3
       Orb of Destructio |       |       |       |       |     1 |       ||     1
 Abil: Fly               |       |       |     4 |     4 |     9 |     1 ||    18
       Release Delayed F |       |       |       |       |     2 |       ||     2
       Stop Flying       |       |       |       |       |       |     1 ||     1
Evoke: Wand              |       |       |     2 |    11 |    17 |     1 ||    31
  Use: Potion            |       |     2 |     2 |     4 |     3 |       ||    11
       Scroll            |       |    18 |     6 |    29 |     7 |     1 ||    61
 Stab: Sleeping          |     1 |     1 |       |       |       |       ||     2
